 Dungeon Crawl Stone Soup version 0.13-a0-1693-g8ac13c1 (webtiles) character file.

626 Kae the Ducker (level 6, -4/28 HPs)
             Began as a Spriggan Enchanter on June 21, 2013.
             Slain by a goliath beetle (19 damage)
             ... on Level 4 of the Dungeon.
             The game lasted 00:07:18 (4281 turns).

Kae the Ducker (Spriggan Enchanter)                 Turns: 4281, Time: 00:07:18

HP  -4/28        AC  5     Str  6      XL: 6   Next: 84%
MP  10/18        EV 20     Int 16      God:
Gold 153         SH  0     Dex 17      Spells:  3 memorised,  6 levels left

Res.Fire  : . . .   See Invis. : +   a - +2 dagger {=f}
Res.Cold  : . . .   Warding    : .   b - +1 robe
Life Prot.: . . .   Conserve   : .   (shield restricted)
Res.Poison: .       Res.Corr.  : .   (helmet restricted)
Res.Elec. : .       Clarity    : .   e - +1 cloak {darkness}
Sust.Abil.: . .     Spirit.Shd : .   (gloves unavailable)
Res.Mut.  : .       Stasis     : .   (boots unavailable)
Res.Rott. : .       Flight     : .   (no amulet)
Saprovore : . . .                    (no ring)
                                     (no ring)

@: very quick, somewhat resistant to hostile enchantments, quite stealthy
A: unfitting armour, see invisible, herbivore 3, speed 3, slow metabolism 2
a: Evoke Invisibility


You were on level 4 of the Dungeon.
You were not hungry.

You visited 1 branch of the dungeon, and saw 4 of its levels.

You collected 133 gold pieces.

Inventory:

Hand weapons
 a - a +2,+2 dagger (weapon) {=f}
Missiles
 d - 10 darts (quivered)
Armour
 b - a +1 robe (worn)
 e - a +1 cloak of darkness (worn)
Magical devices
 u - a wand of draining (8)
Comestibles
 h - a bread ration
 s - a snozzcumber
Scrolls
 g - 3 scrolls of curse weapon
 i - 5 scrolls of remove curse
 j - a scroll of fear {unknown}
 l - a scroll of amnesia
 p - a scroll of enchant weapon II
Potions
 f - 2 potions of heal wounds
 m - a potion of curing {unknown}
 n - a potion of degeneration {unknown}
 o - a potion of brilliance {unknown}
 r - 2 potions of might {unknown}
 t - a potion of restore abilities {unknown}
 w - a potion of poison {unknown}
 x - a potion of paralysis {unknown}
Books
 c - a book of Maledictions

   Spells                             Type                      Level
   *Corona                            Hexes                        1
   Sure Blade                         Hexes/Charms                 2
   *Ensorcelled Hibernation           Hexes/Ice                    2
   *Confuse                           Hexes                        3
   Enslavement                        Hexes                        4
   Invisibility                       Hexes                        6


   Skills:
 * Level 4.8 Short Blades
 - Level 1.1 Throwing
 + Level 5.2 Dodging
 + Level 4.7 Stealth
 + Level 3.7 Spellcasting
 + Level 5.0 Hexes


You had 6 spell levels left.
You knew the following spells:

 Your Spells              Type           Power        Failure   Level  Hunger
a - Corona                Hex            ###....      2%          1    None
b - Ensorcelled Hibernat  Hex/Ice        ##....       12%         2    ##.....
c - Confuse               Hex            ###.....     10%         3    ###....


Dungeon Overview and Level Annotations

Branches:
Dungeon (4/27)
 Temple: D:4-7

Altars:


Innate Abilities, Weirdness & Mutations

You are tiny and cannot use many weapons and most armour.
You have supernaturally acute eyesight.
You are a herbivore.
You cover ground extremely quickly.
You need consume almost no food.


Message History

Confirm with . or Enter, or press ? or * to list all spells.
Aiming: Ensorcelled Hibernation
Press: ? - help, Shift-Dir - straight line, f/p - goliath beetle
Aim: a goliath beetle (severely wounded)
The goliath beetle resists with some effort.
The goliath beetle completely misses you.
Casting: Ensorcelled Hibernation
Confirm with . or Enter, or press ? or * to list all spells.
Aiming: Ensorcelled Hibernation
Press: ? - help, Shift-Dir - straight line, f/p - goliath beetle
Aim: a goliath beetle (severely wounded)
The goliath beetle easily resists.
Casting: Ensorcelled Hibernation
Confirm with . or Enter, or press ? or * to list all spells.
Aiming: Ensorcelled Hibernation
Press: ? - help, Shift-Dir - straight line, f/p - goliath beetle
Aim: a goliath beetle (severely wounded)
The goliath beetle easily resists.
The goliath beetle bites you!
Ouch! That really hurt!
You die...

##..^.........
......
#....##.......
......
#.............
.....
#....##.......
....
#..............
...
#..#.#^........
..
#..#.#....#....
.. #..#.#....#
.. #..#..@..##
.. #. #..B..# .
#........ ..
#.......... ..
#.##....... ..
#. ...... . ##
#.... . ... .


You could see a goliath beetle.

Vanquished Creatures
  The ghost of Rorthrar the Shield-Bearer, an average HOFi (D:3)
  A hound (D:3)
  Crazy Yiuf (D:3)
  An orc wizard (D:4)
  A worker ant (D:4)
  Ijyb (D:3)
  5 gnolls
  8 adders
  2 worms (D:3)
  3 giant geckos
  2 oozes
  13 orcs
  6 bats
  8 giant cockroaches
  5 goblins
  4 hobgoblins
  4 jackals (D:3)
  13 kobolds
  3 quokkas
  A ball python (D:3)
  7 giant newts
  8 rats
  A fungus (D:3)
99 creatures vanquished.

Vanquished Creatures (others)
  A kobold (D:3)
1 creature vanquished.

Grand Total: 100 creatures vanquished

Notes
Turn   | Place    | Note
--------------------------------------------------------------
     0 | D:1      | Kae, the Spriggan Enchanter, began the quest for the Orb.
     0 | D:1      | Reached XP level 1. HP: 9/9 MP: 4/4
   187 | D:1      | Reached XP level 2. HP: 10/13 MP: 6/6
   191 | D:1      | Learned a level 2 spell: Ensorcelled Hibernation
   719 | D:2      | Reached XP level 3. HP: 6/16 MP: 6/9
  1145 | D:2      | Reached skill level 4 in Dodging
  1145 | D:2      | Reached XP level 4. HP: 10/21 MP: 9/12
  2834 | D:3      | Reached XP level 5. HP: 21/24 MP: 12/15
  2870 | D:3      | Noticed Rorthrar's ghost (average HOFi)
  2880 | D:3      | Learned a level 3 spell: Confuse
  2938 | D:3      | Killed Rorthrar's ghost
  3060 | D:3      | Reached XP level 6. HP: 24/28 MP: 18/18
  3082 | D:3      | Noticed Ijyb
  3094 | D:3      | Killed Ijyb
  3433 | D:3      | Noticed Crazy Yiuf
  3439 | D:3      | Killed Crazy Yiuf
  3475 | D:4      | Reached skill level 5 in Dodging
  3846 | D:4      | HP: 1/28 [poisoned by a kobold]
  4138 | D:4      | Reached skill level 5 in Hexes
  4281 | D:4      | Slain by a goliath beetle

Action                   |  1- 3 |  4- 6 || total
-------------------------+-------+-------++-------
Melee: Dagger            |    91 |   352 ||   443
Throw: Dart              |       |     8 ||     8
 Cast: Ensorcelled Hiber |     8 |    47 ||    55
       Confuse           |       |     6 ||     6
       Corona            |       |     7 ||     7
  Use: Potion            |       |     3 ||     3
       Scroll            |       |     9 ||     9
 Stab: Sleeping          |    11 |    29 ||    40
       Distracted        |     1 |       ||     1
       Confused          |       |     3 ||     3
